 Dungeon Crawl Stone Soup version 0.27-a0-1137-g3ef0f4ec91 (webtiles) character file.

Game seed: 4018010800879875104

2601 senseless the Fighter (level 9, -9/74 HPs)
             Began as a Demonspawn Fighter on May 6, 2021.
             Was an Initiate of Qazlal.
             Mangled by a wyvern (14 damage)
             ... on level 8 of the Dungeon.
             The game lasted 00:26:27 (8041 turns).

senseless the Fighter (Demonspawn Fighter)          Turns: 8041, Time: 00:26:28

Health: -9/74      AC: 18    Str: 23 (24) XL:     9   Next: 33%
Magic:  0/9        EV: 10    Int: 10      God:    Qazlal [......]
Gold:   556        SH: 10    Dex: 14      Spells: 8/8 levels left

rFire    + + .     SeeInvis +   v - +3 Elemental Staff {rElec rF++ rC++ Will++ AC+5}
rCold    + + +     Faith    .   c - +0 kite shield
rNeg     . . .     Spirit   +   q - +2 ring mail {rC+}
rPois    .         Reflect  .   (helmet unavailable)
rElec    +         Harm     .   g - +0 cloak
rCorr    .         Rampage  .   (no gloves)
Will     ++...                  (no boots)
Stlth    +.........             d - amulet of guardian spirit
HPRegen  0.22/turn              i - +6 ring of strength
MPRegen  0.11/turn              l - +4 ring of protection

@: no status effects
A: antennae 3, claws 1, hooves 2, foul stench 1
a: Renounce Religion


You were on level 8 of the Dungeon.
You worshipped Qazlal.
Qazlal was noncommittal.
You visited 2 branches of the dungeon, and saw 9 of its levels.
You also visited: Sewer.

You collected 556 gold pieces.

Inventory:

Hand Weapons
 a - a +1 flail
 o - a +2 vorpal flail
 p - a +1 long sword of electrocution
 v - the +3 Elemental Staff (weapon) {rElec rF++ rC++ Will++ AC+5}
   (You acquired it on level 4 of the Dungeon)

   It affects your AC (+5).
   It greatly protects you from fire.
   It greatly protects you from cold.
   It insulates you from electricity.
   It greatly increases your willpower.
Missiles
 m - 5 atropa-tipped darts (quivered)
Armour
 b - a +0 scale mail
 c - a +0 kite shield (worn)
 g - a +0 cloak (worn)
 j - a +0 pair of gloves
 n - a +0 plate armour
 q - a +2 ring mail of cold resistance (worn)
Jewellery
 d - an amulet of guardian spirit (around neck)
 i - a +6 ring of strength (left claw)
 l - a +4 ring of protection (right claw)
 x - a ring of positive energy
 y - a +6 ring of intelligence
Wands
 h - a wand of mindburst (13)
 w - a wand of iceblast (5)
Scrolls
 s - 2 scrolls of identify
 t - a scroll of amnesia
Potions
 e - a potion of invisibility
 f - a potion of resistance
 k - a potion of brilliance
 r - 4 potions of attraction
 z - a potion of flight


   Skills:
 * Level 8.0 Fighting
 - Level 3.5(4.7) Maces & Flails
 * Level 4.6(5.2) Staves
 + Level 5.3 Armour
 + Level 3.1 Dodging
 + Level 5.4 Shields


You had 8 spell levels left.
You didn't know any spells.
Your spell library was empty.

Dungeon Overview and Level Annotations

Branches:
Dungeon (8/15)             Temple (1/1) D:7            Lair (0/6) D:8
  Sewer (visited)

Altars:
Ashenzari
Cheibriados
Dithmenos
Elyvilon
Fedhas
Gozag
Hepliaklqana
Kikubaaqudgha
Makhleb
Nemelex Xobeh
Okawaru
Qazlal
Ru
Sif Muna
Trog
Uskayaw
Vehumet
Wu Jian
Xom
Yredelemnul
Zin
The Shining One

Shops:
D:1 *   D:2 [


Innate Abilities, Weirdness & Mutations

You have a pair of large antennae on your head. (SInv)
You have sharp fingernails.
You have hoof-like feet.
You may rarely emit foul miasma when damaged in melee.


Message History

The death yak is lightly wounded.
You block the death yak's attack.
You hit the death yak. You kick the death yak!
The death yak is lightly wounded.
You block the death yak's attack.
You hit the death yak but do no damage.
The death yak is lightly wounded.
The death yak gores you but does no damage.
You hit the death yak. Your kick misses the death yak.
The death yak is lightly wounded.
The death yak gores you but does no damage.
You hit the death yak but do no damage.
You kick the death yak, but do no damage.
The death yak is lightly wounded.
You block the death yak's attack.
Your shield prevents you from hitting the death yak.
The death yak is lightly wounded.
The death yak gores you!!
You hit the death yak but do no damage.
The death yak is lightly wounded.
The death yak gores you!
* * * LOW HITPOINT WARNING * * *
You emit a cloud of foul miasma!
The death yak is engulfed in dark miasma.
The death yak is poisoned.
The death yak gores you!
* * * LOW HITPOINT WARNING * * *
Okay, then.
The death yak is engulfed in dark miasma.
The death yak looks even sicker.
The death yak seems to slow down.
Things that are here:
a +0 flail; a +0 leather armour A jelly comes into view.
Things that are here:
a +0 dagger; a +0 robe; an orc corpse The wyvern hisses angrily.
The jelly quivers.
The wyvern bites you.
* * * LOW HITPOINT WARNING * * *
The wyvern bites you!
You die...

{{ #..# #.. .....
##..# #..###...###...#
#......h #.###.# {
#......###.###.# #
####
#...J..#....##.##.# #
.©.#
#......#....#.....#
#####...#
##....l.#.Y.....####
#......#
#....@..))###...#
.......# #....##.).#
#...# .......#
#....##...# #...#
.......# #....##...#
#...# ....##.##
#....##...# ##...
##.##...####....##...#
#.>..
##.#..≈..#......##...#
#####.
##...≈≈≈...###########
.# ###..≈..#.#


You could see a death yak (poisoned, slow), a black bear, a wyvern and a jelly.

Vanquished Creatures
  A water moccasin (D:5)
  An ice beast (D:7)
  2 black bears
  5 ogres
  A sky beast (D:7)
  2 necrophages
  2 centaurs
  2 bullfrogs
  A gnoll sergeant (D:8)
  A scorpion (D:5)
  A water moccasin zombie (D:5)
  6 killer bees (D:7)
  2 howler monkeys
  A centaur zombie (D:8)
  3 jellies
  A hound (D:5)
  A bullfrog skeleton (D:5)
  A centaur skeleton (D:5)
  4 iguanas
  An orc wizard (D:8)
  3 killer bee zombies
  3 gnolls (D:7)
  15 adders
  A shadow imp (D:7)
  2 white imps
  2 worms (D:3)
  3 dart slugs
  8 orcs
  A bat (D:1)
  21 endoplasms
  15 giant cockroaches
  7 goblins
  9 hobgoblins
  6 kobolds
  20 quokkas
  22 ball pythons
  10 frilled lizards
  4 rats (D:1)
191 creatures vanquished.

Vanquished Creatures (others)
  A fungus (D:8)
1 creature vanquished.

Grand Total: 192 creatures vanquished

Notes
Turn   | Place    | Note
-------+----------+-------------------------------------------
     0 | D:1      | senseless the Demonspawn Fighter began the quest for the
                  | Orb.
     0 | D:1      | Reached XP level 1. HP: 18/18 MP: 1/1
    28 | D:1      | Found a faded altar of an unknown god.
    36 | D:1      | Became a worshipper of Vehumet
    36 | D:1      | Reached * piety under Vehumet
    36 | D:1      | Offered knowledge of Magic Dart by Vehumet.
   111 | D:1      | Gained mutation: You have a pair of small antennae on your
                  | head. [demonic ancestry]
   111 | D:1      | Reached XP level 2. HP: 6/24 MP: 2/2
   388 | D:1      | Found Wuipp's General Store.
   972 | D:1      | Gained mutation: You have large cloven feet. [demonic
                  | ancestry]
   972 | D:1      | Reached XP level 3. HP: 20/29 MP: 3/3
  1160 | D:2      | Found Laahig's Armour Boutique.
  1253 | D:2      | Reached ** piety under Vehumet
  1253 | D:2      | Offered knowledge of Foxfire by Vehumet.
  1383 | D:2      | Fell from the grace of Vehumet
  1407 | D:2      | Gained mutation: You have a pair of antennae on your head.
                  | [demonic ancestry]
  1407 | D:2      | Reached XP level 4. HP: 37/37 MP: 4/4
  1833 | D:3      | Reached skill level 4 in Fighting
  1958 | D:3      | Found a glowing drain.
  2048 | Sewer    | Entered a sewer
  2128 | Sewer    | Gained mutation: You may rarely emit foul miasma when
                  | damaged in melee. [demonic ancestry]
  2128 | Sewer    | Reached XP level 5. HP: 41/42 MP: 5/5
  2838 | Sewer    | Gained mutation: You have hoof-like feet. [demonic
                  | ancestry]
  2838 | Sewer    | Reached XP level 6. HP: 47/50 MP: 4/6
  2852 | Sewer    | Reached skill level 5 in Fighting
  3701 | D:4      | Found a shimmering blue altar of Sif Muna.
  3813 | D:4      | Gained mutation: You have sharp fingernails. [demonic
                  | ancestry]
  3813 | D:4      | Reached XP level 7. HP: 55/56 MP: 7/7
  4091 | D:4      | Found a shadowy altar of Dithmenos.
  4197 | D:4      | Identified a scroll of acquirement
  4197 | D:4      | Acquired the +3 Elemental Staff {rElec rF++ rC++ Will++
                  | AC+5}
  4198 | D:4      | Found the +3 Elemental Staff {rElec rF++ rC++ Will++ AC+5}
  4201 | D:5      | Entered Level 5 of the Dungeon
  4239 | D:5      | Reached skill level 6 in Fighting
  4239 | D:5      | Reached skill level 1 in Staves
  4277 | D:5      | Reached skill level 1 in Dodging
  4531 | D:5      | Found a basalt altar of Yredelemnul.
  4533 | D:5      | Found an iron altar of Okawaru.
  4542 | D:5      | Reached XP level 8. HP: 49/65 MP: 6/8
  5081 | D:5      | Found a sparkling altar of Nemelex Xobeh.
  5123 | D:5      | Found an ornate altar of the Wu Jian Council.
  5477 | D:6      | Reached skill level 7 in Fighting
  5647 | D:6      | Reached skill level 5 in Shields
  5775 | D:6      | Reached skill level 5 in Armour
  6555 | D:7      | Found a staircase to the Ecumenical Temple.
  6567 | Temple   | Entered the Ecumenical Temple
  6788 | Temple   | Became a worshipper of Qazlal Stormbringer
  6902 | D:7      | Found an ancient bone altar of Kikubaaqudgha.
  7111 | D:7      | Gained mutation: You have a pair of large antennae on your
                  | head. (SInv) [demonic ancestry]
  7111 | D:7      | Reached XP level 9. HP: 32/72 MP: 4/9
  7339 | D:7      | Was forgiven by Vehumet
  7837 | D:8      | Found a hide-covered altar of Uskayaw.
  7965 | D:8      | Reached skill level 8 in Fighting
  8006 | D:8      | Found a staircase to the Lair.
  8006 | D:8      | Noticed a death yak
  8041 | D:8      | Mangled by a wyvern

Illustrated notes

Levels and vault maps discovered:
D:1:      minmay_arrival_diagonal_passages, layout_rooms,
          ebering_ecumenical_altar_hall, serial_shops, shop
D:2:      layout_basic, serial_shops, shop
D:3:      layout_basic, cheibrodos_sewer_entry_drain
D:4:      layout_cave_pools, grunt_dithmenos_smoke,
          nicolae_overflow_crystal_walls
D:5:      layout_rooms, nemelex_diamond_rough_becter, jmf_multi_god_temple,
          kennysheep_little_box, lemuel_coloured_pillars_altar
D:6:      cheibrodos_quashed, layout_basic
D:7:      layout_loops_ring, marbit_many_paths, temple_fountains
D:8:      gammafunk_cloud_chamber, layout_basic, lemuel_tele_altar,
          david_lair_generic, amcnicky_mini_pool_small, serial_bayou_pond_d,
          minmay_misc_feat_plants, uniq_joseph
Temple:   nicolae_temple_figure_eight

Skill      XL: |  1  2  3  4  5  6  7  8  9 |
---------------+----------------------------+-----
Maces & Flails | 2 3 |  3.5
Shields        | 3 4 5 |  5.4
Armour         | 3 4 5 |  5.3
Fighting       | 4 5 6 7 8 |  8.0
Staves         | 2 4 |  4.6
Dodging        | 1 2 3 |  3.1

Action                   |  1- 3 |  4- 6 |  7- 9 || total
-------------------------+-------+-------+-------++-------
Melee: Flail             |    99 |   292 |     8 ||   399
       Kick              |     9 |    68 |   114 ||   191
       Staff             |       |       |   316 ||   316
Throw: Dart              |       |       |     3 ||     3
Invok: Renounce Religion |     1 |       |       ||     1
  Use: Potion            |     1 |     2 |     7 ||    10
       Scroll            |     4 |     5 |     3 ||    12
Armor: Scale mail        |    40 |   136 |       ||   176
       Skin              |       |    31 |       ||    31
       Ring mail         |       |    13 |   255 ||   268
Dodge: Dodged            |    32 |    92 |   148 ||   272
Block: Kite shield       |    62 |   174 |   244 ||   480

Table legend: (Time is in decaauts)
 A = Elapsed time spent in this place.
 B = Non-inter-level travel time spent in this place.
 C = Inter-level travel time spent in this place.
 D = Time resting spent in this place.
 E = Time spent auto-exploring this place.
 F = Levels seen in this place.
 G = Mean time per level.
                   A        B        C        D        E       F      G
               +--------+--------+--------+--------+--------+-----+--------+
         Total |   8363 |   8156 |    207 |    905 |   5425 |  10 |  836.3 |
       Dungeon |   7006 |   6826 |    180 |    880 |   4682 |   8 |  875.8 |
        Temple |    237 |    210 |     27 |      0 |    206 |   1 |  237.0 |
         Sewer |   1119 |   1119 |      0 |     25 |    537 |   1 | 1119.0 |
               +--------+--------+--------+--------+--------+-----+--------+

Top non-repeatable levels by time:
     D:1: 1202 daAuts
     D:5: 1201 daAuts
   Sewer: 1119 daAuts
     D:7: 1117 daAuts
     D:3: 1085 daAuts
     D:6: 1069 daAuts
     D:4: 565 daAuts
     D:2: 503 daAuts
     D:8: 261 daAuts
  Temple: 237 daAuts
